 Dungeon Crawl Stone Soup version 0.21.1-1-g345015fe64 (webtiles) character file.

823 GuyWithAPlan the Spear-Bearer (level 7, 0/50 HPs)
             Began as a Merfolk Gladiator on Mar 24, 2018.
             Was an Initiate of Okawaru.
             Slain by Menkaure (22 damage)
             ... on level 4 of the Dungeon on Apr 1, 2018.
             The game lasted 00:08:41 (5839 turns).

GuyWithAPlan the Spear-Bearer (Merfolk Gladiator)   Turns: 5839, Time: 00:08:42

Health: 0/50       AC:  4    Str: 14    XL:     7   Next: 96%
Magic:  7/7        EV: 14    Int:  8    God:    Okawaru [......]
Gold:   278        SH:  0    Dex: 17    Spells: 6/6 levels left

rFire    . . .     SeeInvis .   a - +0 trident
rCold    . . .     Gourm    .   (no shield)
rNeg     . . .     Faith    .   b - +0 leather armour
rPois    .         Spirit   .   c - +0 helmet
rElec    .         Reflect  .   (no cloak)
rCorr    .         Harm     .   (no gloves)
MR       .....                  (no boots)
Stlth    +.........             s - amulet of rage
HPRegen  0.16/turn              (no ring)
MPRegen  0.10/turn              (no ring)

@: confused, berserk cooldown, slowed, very slow
A: change form in water, swift swim, stealthy swim
a: Renounce Religion, Evoke Berserk Rage


You were on level 4 of the Dungeon.
You worshipped Okawaru.
Okawaru was noncommittal.
You were near starving.

You visited 2 branches of the dungeon, and saw 6 of its levels.

You collected 278 gold pieces.

Inventory:

Hand Weapons
 a - a +0 trident (weapon)
 n - a +3 club
Missiles
 d - 3 throwing nets (quivered)
Armour
 b - a +0 leather armour (worn)
 c - a +0 helmet (worn)
Magical Staves
 x - an uncursed staff of earth {unknown}
Jewellery
 s - an amulet of rage (around neck)
Wands
 t - a wand of paralysis (17)
 y - a wand of enslavement (11)
Scrolls
 g - a scroll of enchant weapon {unknown}
 h - 2 scrolls of amnesia {unknown}
 j - a scroll of immolation {unknown}
 p - 4 scrolls of remove curse {unknown}
 r - a scroll of teleportation {unknown}
 w - a scroll of magic mapping {unknown}
 z - a scroll of identify
Potions
 e - 2 potions of cancellation
 i - 4 potions of curing
 k - a potion of haste
 l - a potion of flight {unknown}
 m - 2 potions of degeneration
 o - a potion of agility {unknown}
 q - a potion of ambrosia
 u - a potion of invisibility {unknown}
 v - a potion of heal wounds
Comestibles
 f - 11 rations


   Skills:
 - Level 2.2 Fighting
 + Level 12.5 Polearms
 - Level 2.1 Throwing
 - Level 4.1 Dodging


You had 6 spell levels left.
You didn't know any spells.

Dungeon Overview and Level Annotations

Branches:
Dungeon (5/15)             Temple (1/1) D:5

Altars:
Ashenzari
Cheibriados
Kikubaaqudgha
Okawaru
Ru
Sif Muna
Trog
Uskayaw
Vehumet
Wu Jian
Yredelemnul

Annotations:
D:3 rzd's ghost, amateur MfSk
D:4 Menkaure


Message History

You feel yourself moving faster!
You feel mighty!
You are near starving!
You feel a strong urge to attack something.
Menkaure calls on the powers of darkness!
Your body is wracked with pain!
You feel your anger nearly subside.
Menkaure calls on the powers of darkness!
Your body is wracked with pain!
* * * LOW HITPOINT WARNING * * *
You are no longer berserk.
You are exhausted.
You feel yourself slow down.
You barely miss Menkaure. Menkaure misses you.
You barely miss Menkaure. Menkaure closely misses you.
You are confused.
You feel invigorated.
Menkaure mumbles some strange words.
Menkaure seems to speed up.
You closely miss Menkaure. Menkaure hits you!!
You die...

........# #.......### ..>.....#
#.........# ........#
####'##....[# ........#
#...........######### ........#
#............<....... ........#
#...........#########
.....(..###.................#
...................##.......# ###
................@M.##.......###..
...................##.........#.#
...................##.........#.#
...............######.........#.#
...........#...# ##........#.#
...........#...# #.[......#.#
...........#...#######........#.#
...........#...##....'........'.#
...<.......#...##.####........###


You could see Menkaure.

Vanquished Creatures
  Edmund (D:5)
  Purgy (D:4)
  A sky beast (D:5)
  Blork the orc (D:4)
  A bullfrog (D:3)
  2 crimson imps (D:5)
  A quasit (D:5)
  An orc priest (D:4)
  An iguana (D:5)
  A bullfrog skeleton (D:4)
  Jessica (D:2)
  An orc wizard (D:4)
  5 adders
  A shadow imp (D:5)
  2 oozes
  4 adder skeletons
  2 worms
  2 dart slugs
  3 leopard geckos
  4 orcs
  2 ball pythons (D:3)
  6 giant cockroaches
  6 goblins
  7 hobgoblins
  4 jackals (D:5)
  11 kobolds
  3 quokkas
  6 bats
  5 frilled lizards
  6 rats
92 creatures vanquished.

Notes
Turn   | Place    | Note
-------+----------+-------------------------------------------
     0 | D:1      | GuyWithAPlan the Merfolk Gladiator began the quest for the Orb.
     0 | D:1      | Reached XP level 1. HP: 16/16 MP: 1/1
   140 | D:1      | Reached XP level 2. HP: 22/22 MP: 2/2
   167 | D:1      | Reached skill level 5 in Polearms
   612 | D:2      | Reached XP level 3. HP: 22/27 MP: 3/3
   688 | D:2      | Reached skill level 6 in Polearms
   839 | D:2      | Reached XP level 4. HP: 33/33 MP: 4/4
  1132 | D:2      | Noticed Jessica
  1143 | D:2      | Killed Jessica
  1143 | D:2      | Reached skill level 7 in Polearms
  1496 | D:3      | Noticed rzd's ghost (amateur MfSk)
  1897 | D:3      | Reached XP level 5. HP: 38/38 MP: 5/5
  2301 | D:3      | Reached skill level 8 in Polearms
  2917 | D:4      | Noticed Blork the orc
  2930 | D:4      | Killed Blork the orc
  2930 | D:4      | Reached skill level 9 in Polearms
  2930 | D:4      | Reached XP level 6. HP: 28/44 MP: 6/6
  3154 | D:4      | Noticed Purgy
  3171 | D:4      | Killed Purgy
  3171 | D:4      | Reached skill level 10 in Polearms
  3798 | D:4      | Reached XP level 7. HP: 46/50 MP: 7/7
  3947 | D:4      | Noticed Menkaure
  4514 | D:5      | Entered Level 5 of the Dungeon
  4539 | D:5      | Noticed Edmund
  4570 | D:5      | HP: 1/75 [Edmund/antimagic dire flail (6)]
  4572 | D:5      | Killed Edmund
  4572 | D:5      | Reached skill level 11 in Polearms
  5064 | D:5      | Found a staircase to the Ecumenical Temple.
  5076 | Temple   | Entered the Ecumenical Temple
  5089 | Temple   | Became a worshipper of Warmaster Okawaru
  5185 | D:5      | Reached skill level 12 in Polearms
  5839 | D:4      | Slain by Menkaure

Skill      XL: |  1  2  3  4  5  6  7 |
---------------+----------------------+-----
Polearms       | 5 6 7 9 10 12 | 12.5
Fighting       | |  2.2
Throwing       | |  2.1
Dodging        | |  4.1

Action                   |  1- 3 |  4- 6 |  7- 9 || total
-------------------------+-------+-------+-------++-------
Melee: Trident           |   104 |   219 |   138 ||   461
       Club              |       |     2 |       ||     2
 Abil: Evoke Berserk Rag |       |       |     2 ||     2
  Use: Scroll            |       |       |     5 ||     5
       Potion            |       |       |     1 ||     1
 Stab: Sleeping          |     1 |     2 |     1 ||     4
  Eat: Chunk             |       |     6 |     3 ||     9
       Ration            |       |     1 |     1 ||     2
Armor: Leather armour    |    10 |    33 |    10 ||    53
Dodge: Dodged            |    62 |   116 |    51 ||   229
